 Dungeon Crawl Stone Soup version 0.32-a0-86-g8db1b9f803 (webtiles) character file.

Game seed: 12091612911887519163

1074 dialectric the Shield-Bearer (level 8, -1/71 HPs)
             Began as a Minotaur Fighter on Feb 6, 2024.
             Was a Priest of Ru.
             Killed from afar by Ijyb (6 damage)
             ... with an iceblast
             ... on level 5 of the Dungeon.
             The game lasted 00:05:29 (4273 turns).

dialectric the Shield-Bearer (Minotaur Fighter)     Turns: 4273, Time: 00:05:29

Health: -1/71      AC:  6    Str: 21    XL:     8   Next: 7%
Magic:  7/7        EV: 10    Int:  9    God:    Ru [***...]
Gold:   156        SH:  0    Dex: 11    Spells: 7/7 levels left

rFire   . . .        a - +0 flail
rCold   . . .        (no shield)
rNeg    . . .        A - +0 ring mail of Impressiveness {rPois Dex+3 Stlth+}
rPois   +            (helmet restricted)
rElec   .            (no cloak)
rCorr   .            (no gloves)
SInv    .            (no boots)
Will    .....        (no amulet) Stlth
                     (no ring)
HPRegen 0.31/turn    (no ring)
MPRegen 0.10/turn

%: no passive effects
@: no status effects
A: horns 2, no stealth, inability to use devices, retaliatory headbutt, clever
1, mutation resistance 1, weak 1
a: Renounce Religion, Draw Out Power


You were on level 5 of the Dungeon.
You worshipped Ru.
Ru was most pleased with you.
You visited 1 branch of the dungeon, and saw 5 of its levels.
You also visited: Sewer.

You collected 189 gold pieces.
You spent 33 gold pieces at shops.

Inventory:

Hand Weapons
 a - a +0 flail (weapon)
Missiles
 l - a curare-tipped dart (quivered)
Armour
 b - a +0 scale mail
 c - a +0 buckler
 s - a +0 troll leather armour {Pargi}
 A - the +0 ring mail of Impressiveness (worn) {rPois Dex+3 Stlth+}
   (You found it on level 4 of the Dungeon)

   Dex+3:     It affects your dexterity (+3).
   rPois:     It protects you from poison Stlth+: It makes you more stealthy.
Wands
 w - a wand of paralysis (7)
Scrolls
 f - 2 scrolls of fog {unknown}
 h - 2 scrolls of teleportation
 k - 2 scrolls of poison {unknown}
 m - a scroll of immolation {unknown}
 n - 2 scrolls of summoning {unknown}
 p - a scroll of blinking {unknown}
 r - a scroll of silence {unknown}
 t - 2 scrolls of revelation {unknown}
 v - a scroll of enchant weapon {unknown}
 x - a scroll of vulnerability
 y - a scroll of brand weapon {unknown}
 B - a scroll of fear {unknown}
 C - a scroll of noise {unknown}
Potions
 d - a potion of resistance {unknown}
 e - 4 potions of brilliance {unknown}
 g - 3 potions of heal wounds {unknown}
 i - 4 potions of curing {unknown}
 j - 2 potions of lignification
 o - a potion of invisibility {unknown}
 q - a potion of mutation
 u - a potion of experience {unknown}
 z - a potion of enlightenment {unknown}


   Skills:
 + Level 6.7 Fighting
 + Level 6.1 Maces & Flails
 + Level 6.7 Armour
 + Level 6.7 Shields


You had 7 spell levels left.
You didn't know any spells.
Your spell library contained the following spells:

 Spells                   Type           Power      Damage    Failure   Level
 Magic Dart               Conj           0%         1d3       54%         1
 Blink                    Tloc           0%         N/A       67%         2
 Call Imp                 Summ           0%         N/A       67%         2
 Call Canine Familiar     Summ           0%         N/A       88%         3
 Sigil of Binding         Hex            0%         N/A       88%         3
 Dimensional Bullseye     Hex/Tloc       0%         N/A       99%         4


Dungeon Overview and Level Annotations

Branches:
Dungeon (5/15)             Temple (0/1) D:4           Sewer (visited)

Altars:
Ru

Shops:
D:1 ?   D:2 [

Annotations:
D:3 3 runed translucent doors, soul19's ghost, amateur DgSh
D:5 Ijyb


Innate Abilities, Weirdness & Mutations

You have a pair of horns on your head.
You cannot be stealthy.
You cannot study or use magical devices.
You reflexively headbutt those who attack you in melee.
Your mind is acute. (Int +4, Str/Dex -1)
You are somewhat resistant to further mutation.
You are weak. (Str -2)


Message History

Found a stone staircase leading up.
Ijyb shouts!
There are monsters nearby!
A quokka comes into view.
Found 7 gold pieces.
The ogre hits you with a +0 giant club!!
You barely miss the ogre. You headbutt the ogre!
The ogre is moderately wounded.
The ogre misses you.
You hit the ogre.
You headbutt the ogre, but do no damage.
You punch the ogre.
The ogre is heavily wounded.
You hit the ogre.
The ogre is severely wounded.
The quokka bites you but does no damage.
The ogre hits you with a +0 giant club!
The quokka bites you but does no damage.
You hit the ogre.
The ogre is severely wounded.
Ijyb hits you but does no damage. The quokka completely misses you.
The ogre barely misses you. You furiously retaliate!
You headbutt the ogre. You hit the ogre.
The ogre is almost dead.
The quokka closely misses you. Ijyb hits you but does no damage.
The quokka closely misses you. You furiously retaliate!
You headbutt the quokka.
Ijyb screams, "It's all mine!"
Ijyb hits you with a +0 dagger.
The ogre hits you with a +0 giant club!!
* * * LOW HITPOINT WARNING * * *
The quokka attacks as it pursues you!
The quokka bites you but does no damage.
Ijyb zaps a wand.
The mass of ice explodes!
The iceblast engulfs you.
* * * LOW HITPOINT WARNING * * *
The iceblast engulfs the quokka!
The quokka dies!
Ijyb zaps a wand.
The mass of ice explodes!
The iceblast engulfs you.
You die...
Ru respects your ultimate sacrifice.

#....# #....# ###### #....#
#....# #....############ #
#....# #....##.......... #
#.)..# #....##.......... #
#....# #....##.......... #
#....# #.....@.O).......
###....# ####.##..g......$
.##....# #.##..........
..#....#######.##..........
†..........................
###....#######.########.<#.
# ###### #.# ... ###### #.#
.# .....# #.#


You could see an ogre and Ijyb.

Vanquished Creatures
  Sigmund (D:3)
  Eustachio (D:3)
  Pargi (Sewer)
  A brain worm (Sewer)
  A bullfrog (D:4)
  A scorpion (D:4)
  A bombardier beetle (D:4)
  2 jellies
  An orc priest (D:3)
  Jessica (D:3)
  Terence (D:2)
  4 iguanas
  Natasha (twice) (D:3)
  Robin (D:3)
  7 adders
  2 dart slugs
  5 orcs
  5 endoplasms
  6 giant cockroaches
  14 goblins
  10 hobgoblins
  4 kobolds
  9 quokkas
  6 ball pythons
  3 bats (D:1)
  16 frilled lizards
  6 rats
112 creatures vanquished.

Vanquished Creatures (others)
  A quokka (D:5)
1 creature vanquished.

Grand Total: 113 creatures vanquished

Notes
Turn   | Place    | Note
-------+----------+-------------------------------------------
     0 | D:1      | dialectric the Minotaur Fighter began the quest for the
                  | Orb.
     0 | D:1      | Reached XP level 1. HP: 19/19 MP: 0/0
   252 | D:1      | Reached XP level 2. HP: 27/27 MP: 1/1
   619 | D:1      | Found Foyroety's Magic Scroll Emporium.
   622 | D:1      | Bought a scroll of teleportation for 33 gold pieces
   816 | D:1      | Found a faded altar of an unknown god.
   823 | D:1      | Prayed at the altar of an unknown god.
   823 | D:1      | Became a worshipper of Ru the Awakened
   832 | D:1      | Gained mutation: You cannot be stealthy. [Ru sacrifice]
  1138 | D:2      | Reached XP level 3. HP: 31/33 MP: 2/2
  1317 | D:2      | Noticed Terence
  1322 | D:2      | Killed Terence
  1419 | D:2      | Found Livvippi's Antique Armour Shoppe.
  1797 | D:2      | You fall into a shaft and drop 2 floors!
  1816 | D:4      | Noticed a scorpion
  1820 | D:4      | Killed a scorpion
  1821 | D:4      | Reached XP level 4. HP: 41/41 MP: 3/3
  1832 | D:4      | Noticed Eustachio
  1914 | D:3      | Reached XP level 5. HP: 36/47 MP: 4/4
  2051 | D:3      | Found a glowing drain.
  2066 | Sewer    | Entered a sewer
  2079 | Sewer    | Reached skill level 5 in Fighting
  2079 | Sewer    | Reached skill level 5 in Armour
  2079 | Sewer    | Reached skill level 5 in Shields
  2167 | Sewer    | Noticed Pargi
  2173 | Sewer    | Killed Pargi
  2174 | Sewer    | Reached XP level 6. HP: 54/56 MP: 5/5
  2370 | D:3      | Noticed Robin
  2425 | D:3      | Killed Robin
  2590 | D:3      | Gained mutation: Your mind is acute. (Int +4, Str/Dex -1)
                  | [potion of mutation]
  2590 | D:3      | Gained mutation: You are somewhat resistant to further
                  | mutation. [potion of mutation]
  2590 | D:3      | Gained mutation: You are weak. (Str -2) [potion of
                  | mutation]
  2601 | D:3      | Noticed Jessica
  2608 | D:3      | Killed Jessica
  2629 | D:3      | Found a runed translucent gate.
  2629 | D:3      | Found a runed translucent gate.
  2629 | D:3      | Found a runed translucent gate.
  2634 | D:3      | Noticed soul19's ghost (amateur DgSh)
  2640 | D:3      | Noticed Natasha
  2642 | D:3      | Noticed Sigmund
  2653 | D:3      | Killed Natasha
  2656 | D:3      | Killed Sigmund
  2657 | D:3      | Reached skill level 5 in Maces & Flails
  2657 | D:3      | Reached XP level 7. HP: 35/62 MP: 6/6
  2976 | D:3      | HP: 1/62 [iguana (6)]
  3228 | D:3      | Noticed Natasha
  3239 | D:3      | Killed Natasha
  3404 | D:3      | Killed Eustachio
  3555 | D:4      | Identified the +0 ring mail of Impressiveness {rPois Dex+3
                  | Stlth+}
  3630 | D:4      | Found a staircase to the Ecumenical Temple.
  3713 | D:4      | Gained mutation: You cannot study or use magical devices.
                  | [Ru sacrifice]
  3713 | D:4      | Reached * piety under Ru
  3713 | D:4      | Reached ** piety under Ru
  3713 | D:4      | Reached *** piety under Ru
  3867 | D:4      | Reached XP level 8. HP: 58/71 MP: 7/7
  4044 | D:5      | Entered Level 5 of the Dungeon
  4262 | D:5      | Identified the +5 whip of Valiance {venom, rC+ Int+4}
  4263 | D:5      | Noticed Ijyb
  4273 | D:5      | Killed from afar by Ijyb

Illustrated notes

Levels and vault maps discovered:
D:1:      dpeg_arrival_signposts, layout_loops_corners,
          hellmonk_ecumenical_altar_slurped_away, serial_shops,
          nicolae_shop_behind_doors, minmay_cut_off
D:2:      layout_basic, serial_shops, nicolae_shop_tiny_real_fake_doors,
          uniq_terence
D:3:      layout_basic, gup_sewer_entry_pipe, gammafunk_ghost_necromancy,
          uniq_robin, uniq_sigmund, uniq_jessica, uniq_natasha
D:4:      layout_rooms, minmay_temple_entry_stoned_glass, uniq_eustachio
D:5:      layout_basic, minmay_lizard_king, uniq_ijyb

Skill      XL: |  1  2  3  4  5  6  7 |
---------------+----------------------+-----
Fighting       | 4 5 6 |  6.7
Armour         | 4 5 6 |  6.7
Shields        | 4 5 6 |  6.7
Maces & Flails | 3 4 5 6 |  6.1

Action                     |  1- 3 |  4- 6 |  7- 9 || total
---------------------------+-------+-------+-------++-------
  Melee: Flail             |    59 |    94 |   102 ||   255
         Punch             |     6 |     3 |     6 ||    15
         Headbutt          |     5 |    11 |    14 ||    30
  Throw: Dart              |     1 |     3 |     6 ||    10
 Invoke: Sacrifice Stealth |     1 |       |       ||     1
         Sacrifice Artific |       |       |     1 ||     1
    Use: Scroll            |       |     2 |     1 ||     3
         Potion            |       |     2 |       ||     2
 Armour: Scale mail        |    40 |    83 |    52 ||   175
         Ring mail         |       |       |    50 ||    50
         Skin              |       |       |    11 ||    11
  Dodge: Dodged            |    29 |    66 |    54 ||   149

Table legend: (Time is in decaauts)
 A = Elapsed time spent in this place.
 B = Non-inter-level travel time spent in this place.
 C = Inter-level travel time spent in this place.
 D = Time resting spent in this place.
 E = Time spent auto-exploring this place.
 F = Levels seen in this place.
 G = Mean time per level.
                   A        B        C        D        E       F      G
               +--------+--------+--------+--------+--------+-----+--------+
         Total |   4374 |   4238 |    136 |    426 |   2879 |   6 |  729.0 |
       Dungeon |   4078 |   3942 |    136 |    424 |   2743 |   5 |  815.6 |
         Sewer |    296 |    296 |      0 |      2 |    136 |   1 |  296.0 |
               +--------+--------+--------+--------+--------+-----+--------+

Top non-repeatable levels by time:
     D:3: 1411 daAuts
     D:1: 1080 daAuts
     D:2: 731 daAuts
     D:4: 624 daAuts
   Sewer: 296 daAuts
     D:5: 231 daAuts
